 Dungeon Crawl Stone Soup version 0.19.5 (webtiles) character file.

90 devil0150 the Magician (level 4, -3/30 HPs)
             Began as a High Elf Wizard on Apr 14, 2017.
             Killed from afar by an orc wizard (9 damage)
             ... with a magic dart
             ... on level 3 of the Dungeon.
             The game lasted 00:07:02 (1722 turns).

devil0150 the Magician (High Elf Wizard)            Turns: 1722, Time: 00:07:03

Health: -3/30      AC:  2    Str:  6    XL:     4   Next: 32%
Magic:  12/12      EV: 14    Int: 22    God:
Gold:   70         SH:  0    Dex: 14    Spells: 1 memorised, 12 levels left

rFire  . . .     SeeInvis .     i - +0 dagger
rCold  . . .     Gourm    .     a - +0 robe
rNeg   . . .     Faith    .     (no shield)
rPois  .         Spirit   .     b - +0 hat
rElec  .         Reflect  .     (no cloak)
rCorr  .         Harm     .     (no gloves)
MR     .....                    (no boots)
Stlth  +++.......               (no amulet)
                                (no ring)
                                (no ring)

@: no status effects
A: no striking features
a: no special abilities


You were on level 3 of the Dungeon.
You were not hungry.

You visited 1 branch of the dungeon, and saw 3 of its levels.

You collected 70 gold pieces.

Inventory:

Hand Weapons
 i - a +0 dagger (weapon)
Armour
 a - a +0 robe (worn)
 b - a +0 hat (worn)
Jewellery
 l - an uncursed amulet of guardian spirit {unknown}
Scrolls
 e - a scroll of immolation
Potions
 h - 2 potions of heal wounds
 j - a potion of curing {unknown}
 k - a potion of flight
 m - a potion of magic
Books
 c - a book of Minor Magic

   Spells                             Type                      Level
   a - Magic Dart                     Conjuration                  1
   b - Blink                          Translocation                2
   c - Call Imp                       Summoning                    2
   d - Repel Missiles                 Charms/Air                   2
   e - Slow                           Hexes                        2
   f - Conjure Flame                  Conjuration/Fire             3
   g - Mephitic Cloud                 Conjuration/Poison/Air       3
Comestibles
 d - 2 bread rations
 f - 7 chunks of flesh
 g - 2 meat rations


   Skills:
 + Level 2.6 Fighting
 + Level 3.1 Short Blades
 + Level 4.0 Dodging
 + Level 4.1 Stealth
 + Level 5.3 Spellcasting
 + Level 3.5 Conjurations
   Level 0.8 Summonings
   Level 1.1 Translocations


You had 12 spell levels left.
You knew the following spells:

 Your Spells              Type           Power        Failure   Level  Hunger
a - Magic Dart            Conj           ###.         2%          1    None


Dungeon Overview and Level Annotations

Branches:
Dungeon (3/15)

Altars:
Vehumet


Message History

Found a flail.
j - a metallic inky potion An orc priest comes into view.
The orc priest shouts!
Found a potion of magic.
An orc comes into view. It is wielding a short sword.
The orc priest calls down the wrath of Beogh upon you.
Beogh smites you!
An orc wizard comes into view. It is wielding a dagger.
A bat and an orc wizard come into view.
Casting: Magic Dart
Confirm with . or Enter, or press ? or * to list all spells.
Okay, then.
The bat moves out of view.
The orc priest invokes the aid of Beogh against you.
Beogh smites you!
* * * LOW HITPOINT WARNING * * *
The orc wizard points at you and mumbles some strange words.
The magic dart hits you!
You die...

#### ..# #.#
#####.### #
#.......### ...
#.#.......####.!.#
.###..#....#.........
.... ##...@.........
##.# ##.##...!.oo..
##.###..##.####o...
#..#...##)# ..#
####.#.......# #
##.......######
............#
#.##.#<.#......#
#....#..###..


You could see 2 orc wizards and an orc (wandering).

Vanquished Creatures
  3 adders (D:2)
  An ooze (D:2)
  A dart slug (D:1)
  7 bats
  A giant cockroach (D:3)
  4 hobgoblins
  7 jackals (D:2)
  3 kobolds
  A ball python (D:2)
  3 frilled lizards
  8 goblins
  4 rats
43 creatures vanquished.

Notes
Turn   | Place    | Note
-------+----------+-------------------------------------------
     0 | D:1      | devil0150 the High Elf Wizard began the quest for the Orb.
     0 | D:1      | Reached XP level 1. HP: 11/11 MP: 6/6
   110 | D:1      | Reached skill level 4 in Spellcasting
   110 | D:1      | Reached XP level 2. HP: 20/20 MP: 6/8
   476 | D:1      | Reached skill level 5 in Spellcasting
   607 | D:1      | Reached XP level 3. HP: 25/25 MP: 6/10
  1002 | D:2      | Found a radiant altar of Vehumet.
  1240 | D:2      | Reached XP level 4. HP: 30/30 MP: 8/12
  1722 | D:3      | Killed from afar by an orc wizard

Skill      XL: |  1  2  3 |
---------------+----------+-----
Fighting       | 2 |  2.6
Short Blades   | 3 |  3.1
Dodging        | 3 4 |  4.0
Stealth        | 4 |  4.1
Spellcasting   | 4 5 |  5.3
Conjurations   | 3 |  3.5
Summonings     | |  0.8
Translocations | |  1.1

Action                   |  1- 3 |  4- 6 || total
-------------------------+-------+-------++-------
Melee: Dagger            |     7 |       ||     7
 Cast: Magic Dart        |    63 |    17 ||    80
  Use: Scroll            |     6 |     2 ||     8
       Potion            |     1 |       ||     1
  Eat: Chunk             |     1 |     1 ||     2
Armor: Robe              |     7 |     1 ||     8
Dodge: Dodged            |     7 |       ||     7
